AoeStats
← bumbsbomba74

Lombardia

509703961Analyzed
4v4 RM · 5d ago on Sep 27, 2026· 66m 9s· 8 players
Game mode
Random Map
Map size
Large (8 player)
Population
200
Speed
Normal
Resources
Standard
Victory
Conquest
Starting age
Dark Age
Ending age
Imperial Age
RankedLock teamsTeams togetherTeam positionsShared explorationLock speedFull tech treeHidden civsTurbo modeCheats
Victory
Defeat
🇩🇪 Mongols · Germany
1188
+16
🇬🇧 Vietnamese · United Kingdom
1172
+17
🇪🇬 Poles · Egypt
1170
+17
🇩🇪 Persians · Germany
1115
+19
🇭🇰 Spanish · Hong Kong SAR China
1489
-28
🇨🇭 Vietnamese · Switzerland
1179
-17
🇧🇷 Persians · Brazil
1172
-17
🇨🇳 Franks · China
902
-7
bumbsbomba74
9:14 Feudal Age
9:48 Double-Bit Axe
10:49 Horse Collar
18:52 Castle Age
19:32 Bow Saw
19:48 Heavy Plow
21:07 Wheelbarrow
26:21 Hand Cart
31:45 Loom
36:52 Imperial Age
34:54 Scale Barding Armor
34:59 Forging
35:11 Gold Mining
35:58 Chain Barding Armor
36:24 Bloodlines
36:15 Husbandry
36:32 Cavalier
38:00 Plate Barding Armor
39:13 Fletching
38:59 Savar
40:16 Iron Casting
40:23 Ballistics
39:44 Light Cavalry
40:40 Hussar
42:45 Two-Man Saw
42:45 Crop Rotation
43:11 Scale Mail Armor
43:01 Pikeman
43:42 Squires
43:27 Gambesons
43:28 Arson
44:11 Chain Mail Armor
45:36 Chemistry
45:31 Plate Mail Armor
46:02 Blast Furnace
44:50 Halberdier
47:18 Conscription
48:30 Masonry
54:43 Citadels
54:41 Bodkin Arrow
Sephiroth
12:25 Feudal Age
17:16 Castle Age
15:32 Loom
16:11 Horse Collar
17:17 Double-Bit Axe
17:59 Heavy Plow
20:11 Wheelbarrow
19:48 Stone Mining
19:51 Gold Mining
21:16 Bow Saw
23:03 Stone Shaft Mining
25:15 Hand Cart
26:43 Szlachta Privileges
27:54 Bloodlines
27:45 Husbandry
27:52 Scale Barding Armor
33:55 Imperial Age
33:30 Chain Barding Armor
33:20 Forging
33:03 Fletching
33:01 Treadmill Crane
35:00 Conscription
34:02 Cavalier
35:35 Iron Casting
35:18 Light Cavalry
37:56 Blast Furnace
36:47 Fletching
37:31 Lechitic Legacy
39:04 Crop Rotation
38:21 Winged Hussar
39:12 Bodkin Arrow
39:38 Caravan
40:08 Town Watch
42:01 Town Patrol
43:54 Chemistry
43:15 Ballistics
42:50 Murder Holes
43:06 Masonry
50:38 Bracer
50:48 Padded Archer Armor
50:48 Scale Mail Armor
50:15 Pikeman
50:56 Squires
50:43 Arson
50:19 Man-at-Arms
51:48 Hoardings
53:11 Leather Archer Armor
53:12 Chain Mail Armor
54:42 Siege Engineers
54:48 Fortified Wall
55:21 Plate Mail Armor
54:17 Long Swordsman
54:21 Elite Skirmisher
55:39 Elite Obuch
57:30 Devotion
57:36 Herbal Medicine
61:46 Two-Handed Swordsman
Rincewind
11:03 Feudal Age
15:52 Castle Age
13:57 Double-Bit Axe
14:16 Horse Collar
18:30 Wheelbarrow
17:59 Heavy Plow
18:12 Bow Saw
22:42 Hand Cart
22:33 Elite Skirmisher
23:56 Fletching
24:06 Padded Archer Armor
24:49 Bodkin Arrow
26:14 Ballistics
30:10 Imperial Age
27:49 Squires
28:45 Thumb Ring
29:04 Leather Archer Armor
29:47 Forging
29:37 Scale Mail Armor
30:14 Gold Mining
30:19 Stone Mining
30:55 Bracer
31:26 Ring Archer Armor
31:38 Crop Rotation
30:52 Imperial Skirmisher
32:39 Two-Man Saw
33:27 Chemistry
32:22 Arson
33:24 Loom
33:25 Town Watch
34:17 Iron Casting
33:57 Chain Mail Armor
35:38 Paper Money
35:22 Town Patrol
36:56 Hoardings
36:08 Elite Fire Lancer
38:48 Plate Mail Armor
46:44 Pikeman
47:20 Halberdier
55:48 Murder Holes
62:09 Capped Ram
Tada
10:28 Feudal Age
11:10 Horse Collar
11:17 Double-Bit Axe
13:24 Loom
13:59 Stone Mining
17:26 Castle Age
16:20 Bloodlines
16:58 Forging
18:53 Bow Saw
19:15 Husbandry
19:32 Light Cavalry
21:24 Iron Casting
22:22 Stone Shaft Mining
25:37 Wheelbarrow
26:20 Scale Barding Armor
26:56 Heavy Plow
27:44 Chain Barding Armor
28:10 Fervor
29:01 Hand Cart
30:03 Gold Mining
30:43 Town Watch
31:35 Fletching
36:00 Imperial Age
33:43 Nomads
34:02 Bodkin Arrow
34:08 Padded Archer Armor
36:17 Hussar
38:08 Blast Furnace
38:51 Heavy Camel Rider
40:55 Bracer
43:04 Gold Shaft Mining
46:06 Scale Mail Armor
46:21 Leather Archer Armor
49:33 Caravan
53:09 Conscription
55:06 Pikeman
55:47 Squires
56:04 Chain Mail Armor
56:04 Capped Ram
57:25 Siege Ram
58:38 Arson
59:32 Onager
HarryBo
10:44 Feudal Age
13:34 Loom
16:27 Castle Age
14:42 Double-Bit Axe
14:53 Horse Collar
17:14 Wheelbarrow
17:53 Heavy Plow
18:29 Bow Saw
24:06 Hand Cart
24:54 Gold Mining
24:55 Stone Mining
31:21 Imperial Age
30:31 Padded Archer Armor
30:22 Fletching
31:42 Leather Archer Armor
32:17 Ballistics
31:57 Bodkin Arrow
32:42 Stone Shaft Mining
32:34 Thumb Ring
33:15 Bracer
33:46 Caravan
34:21 Ring Archer Armor
34:20 Paper Money
34:15 Husbandry
34:27 Bloodlines
34:56 Fortified Wall
35:05 Elite Rattan Archer
35:53 Cavalier
35:54 Light Cavalry
38:29 Chatras
38:29 Elite Battle Elephant
40:24 Forging
40:21 Scale Barding Armor
39:59 Pikeman
40:40 Squires
51:06 Chain Barding Armor
51:22 Iron Casting
50:27 Halberdier
54:20 Plate Barding Armor
54:40 Scale Mail Armor
54:07 Elite Skirmisher
55:16 Imperial Skirmisher
62:33 Chemistry
61:39 Siege Engineers
61:45 Masonry
JMB
0:59 Loom
11:46 Feudal Age
13:04 Wheelbarrow
18:23 Castle Age
16:37 Double-Bit Axe
19:36 Hand Cart
20:16 Horse Collar
21:20 Bow Saw
24:56 Heavy Plow
33:08 Imperial Age
31:41 Scale Barding Armor
31:49 Forging
32:12 Gold Mining
33:58 Conscription
33:02 Cavalier
34:45 Chain Barding Armor
35:03 Iron Casting
34:57 Town Watch
35:19 Scale Mail Armor
35:01 Savar
35:41 Husbandry
36:29 Gold Shaft Mining
37:38 Plate Barding Armor
38:15 Blast Furnace
44:08 Citadels
44:15 Heavy Camel Rider
45:24 Guilds
44:55 Pikeman
45:35 Squires
45:36 Halberdier
46:38 Chain Mail Armor
48:12 Plate Mail Armor
49:40 Capped Ram
54:40 Siege Ram
62:49 Light Cavalry
63:40 Bloodlines
464905725
9:18 Loom
11:04 Feudal Age
13:43 Double-Bit Axe
14:21 Loom
20:02 Castle Age
20:18 Stone Mining
21:27 Bow Saw
32:07 Gold Mining
34:16 Scale Barding Armor
34:22 Forging
35:26 Husbandry
38:58 Imperial Age
37:00 Caravan
39:02 Cavalier
40:37 Chivalry
41:46 Gold Shaft Mining
42:29 Wheelbarrow
42:36 Paladin
43:58 Chain Barding Armor
44:13 Iron Casting
45:14 Plate Barding Armor
47:05 Blast Furnace
48:23 Hand Cart
50:38 Elite Throwing Axeman
53:01 Fletching
53:12 Padded Archer Armor
609170940
9:38 Loom
11:24 Feudal Age
12:46 Double-Bit Axe
15:47 Castle Age
15:21 Horse Collar
16:58 Bow Saw
18:54 Padded Archer Armor
26:45 Bloodlines
29:47 Husbandry
30:24 Wheelbarrow
29:52 Padded Archer Armor
30:56 Leather Archer Armor
35:14 Imperial Age
34:44 Scale Barding Armor
34:49 Forging
34:04 Light Cavalry
35:26 Hand Cart
35:15 Heavy Plow
35:08 Gold Mining
35:10 Stone Mining
35:54 Chain Barding Armor
35:25 Hussar
36:32 Conscription
37:12 Iron Casting
38:42 Plate Barding Armor
40:21 Blast Furnace
40:42 Chemistry
43:18 Cavalier
45:56 Two-Man Saw
45:34 Bombard Tower
45:28 Masonry
46:00 Stone Shaft Mining
44:56 Paladin
53:07 Caravan
55:31 Architecture
Connection lost

Rejoining the realm…

Still unreachable

The connection could not be restored.

Session expired

The server has moved on; the page needs a fresh start.